 Dungeon Crawl Stone Soup version 0.31-a0-1178-gc5c9b8f871 (webtiles) character file.

Game seed: 4467202029849344626

245023 grandjackal the Rapturous (level 19, -1/170 HPs)
             Began as a Demonspawn Gladiator on Dec 12, 2023.
             Was a High Priest of Uskayaw.
             Killed from afar by a deep elf zephyrmancer (42 damage)
             ... with a bolt of lightning
             ... on level 2 of the Elven Halls.
             The game lasted 00:53:40 (27913 turns).

grandjackal the Rapturous (Demonspawn Gladiator)   Turns: 27913, Time: 00:53:41

Health: -1/170     AC: 29    Str: 31    XL:     19   Next: 16%
Magic:  29/33      EV: 10    Int:  9    God:    Uskayaw [*****.]
Gold:   2376       SH:  6    Dex: 16    Spells: 18/18 levels left

rFire   + . .        I - +4 war axe of Indomitability {flame, rC+}
rCold   + + +        a - +1 buckler {rC+}
rNeg    + . .        F - +3 chain mail of the Poles {rF+ SInv Stlth-}
rPois   +            (helmet unavailable)
rElec   .            R - +1 cloak of the Lost Path {Will+ rCorr Str+4 Stlth+}
rCorr   +            C - +0 pair of gloves
SInv    +            V - +2 pair of boots of the Equator {Slay+2}
Will    ++...        y - amulet of regeneration Stlth
                     U - ring "Resetauch" {rPois rN+ Str+6}
HPRegen 1.28/turn    D - +4 ring of protection
MPRegen 0.23/turn

%: no passive effects
@: no status effects
A: horns 3, icy blue scales 3, icemail 2, spiny 1, condensation shield
}: 1/15 runes: gossamer
a: Renounce Religion, Stomp, Line Pass, Grand Finale


You were on level 2 of the Elven Halls.
You worshipped Uskayaw.
Uskayaw was greatly pleased with you.
You visited 6 branches of the dungeon, and saw 28 of its levels.
You also visited: Sewer, Bailey, Gauntlet, Ice Cave and Volcano.

You collected 3133 gold pieces.
You spent 757 gold pieces at shops.

Inventory:

Hand Weapons
 f - the +1 broad axe "Fuulyvo" {venom, *Noise rF++ rC+ SInv}
   (You took it off a minotaur in a Gauntlet)

   rF++:      It greatly protects you from fire.
   rC+:       It protects you from cold.
   SInv:      It lets you see invisible.
   *Noise:    It may make a loud noise when swung.
 q - a +5 eveningstar
 I - the +4 war axe of Indomitability (weapon) {flame, rC+}
   (You found it on level 2 of the Elven Halls)

   rC+:       It protects you from cold.
Missiles
 d - 11 throwing nets (quivered)
 Z - 10 silver javelins
Armour
 a - a +1 buckler of cold resistance (worn)
 C - a +0 pair of gloves (worn)
 F - the +3 chain mail of the Poles (worn) {rF+ SInv Stlth-}
   (You found it on level 5 of the Lair of Beasts)

   rF+:       It protects you from fire.
   SInv:      It lets you see invisible.
   Stlth-:    It makes you less stealthy.
 O - a +4 plate armour of fire resistance
 R - the +1 cloak of the Lost Path (worn) {Will+ rCorr Str+4 Stlth+}
   (You bought it in a shop on level 2 of the Orcish Mines)

   Str+4:     It affects your strength (+4).
   Will+:     It increases your willpower.
   rCorr:     It protects you from acid and corrosion.
   Stlth+:    It makes you more stealthy.
 S - a +0 crystal plate armour of cold resistance
 V - the +2 pair of boots of the Equator (worn) {Slay+2}
   (You acquired it on level 1 of the Elven Halls)

   Slay+2:    It affects your accuracy & damage with ranged weapons and melee
   (+2).
Jewellery
 g - a ring of protection from cold
 l - a ring of protection from fire
 t - a ring of see invisible
 y - an amulet of regeneration (around neck)
 D - a +4 ring of protection (right hand)
 U - the ring "Resetauch" (left hand) {rPois rN+ Str+6}
   (You found it in a Gauntlet)

   [ring of positive energy]

   Str+6:     It affects your strength (+6).
   rPois:     It protects you from poison rN+: It protects you from negative
   energy.
Wands
 c - a wand of flame (57)
 v - a wand of acid (3)
 N - a wand of roots (10)
 X - a wand of paralysis (15)
Scrolls
 h - 5 scrolls of revelation
 j - 8 scrolls of teleportation
 n - 4 scrolls of enchant weapon
 p - 4 scrolls of immolation
 s - 4 scrolls of poison
 u - 4 scrolls of vulnerability
 w - 5 scrolls of fog
 B - 5 scrolls of fear
 E - 3 scrolls of blinking
 J - a scroll of enchant armour
 L - 5 scrolls of identify
 Q - 3 scrolls of brand weapon
 T - 2 scrolls of butterflies
 W - a scroll of torment
Potions
 b - 7 potions of magic
 e - 2 potions of cancellation
 k - 7 potions of heal wounds
 o - 5 potions of haste
 r - 15 potions of curing
 z - 4 potions of mutation
 A - 5 potions of resistance
 G - 3 potions of invisibility
 K - a potion of lignification
 P - 5 potions of ambrosia
Miscellaneous
 i - a phial of floods
 m - a phantom mirror
 x - a box of beasts
 Y - a lightning rod (4/4)


   Skills:
 + Level 20.6 Fighting
 + Level 17.4 Axes
 - Level 2.0 Throwing
 - Level 9.6 Armour
 - Level 3.0 Dodging
 - Level 4.8 Shields
 + Level 21.6 Invocations


You had 18 spell levels left.
You didn't know any spells.
Your spell library contained the following spells:

 Spells                   Type           Power      Damage    Failure   Level
 Freeze                   Ice            0%         1d3       83%         1
 Magic Dart               Conj           0%         1d3       83%         1
 Shock                    Conj/Air       0%         1d3       83%         1
 Summon Small Mammal      Summ           0%         N/A       83%         1
 Call Imp                 Summ           0%         N/A       92%         2
 Cigotuvi's Dreadful Rot  Necr/Pois/Air  0%         N/A       92%         2
 Ensorcelled Hibernation  Hex/Ice        0%         N/A       92%         2
 Jinxbite                 Hex            0%         N/A       92%         2
 Momentum Strike          Conj/Tloc      0%         3d8       92%         2
 Scorch                   Fire           0%         2d5       92%         2
 Searing Ray              Conj           0%         2d4       92%         2
 Call Canine Familiar     Summ           0%         N/A       99%         3
 Dazzling Flash           Conj/Hex       0%         N/A       99%         3
 Frozen Ramparts          Ice            0%         1d1       99%         3
 Hailstorm                Conj/Ice       0%         3d5       99%         3
 Ignite Poison            Fire/Tmut/Pois 0%         N/A       99%         3
 Mephitic Cloud           Conj/Pois/Air  0%         N/A       99%         3
 Ozocubu's Armour         Ice            0%         N/A       99%         3
 Stone Arrow              Conj/Erth      0%         3d7       99%         3
 Summon Guardian Golem    Hex/Summ       0%         N/A       99%         3
 Volatile Blastmotes      Fire/Tloc      0%         2d10      99%         3
 Anguish                  Hex/Necr       0%         N/A       100%        4
 Animate Armour           Summ/Erth      0%         N/A       100%        4
 Dispel Undead            Necr           0%         3d6       100%        4
 Flame Wave               Conj/Fire      0%         2d4       100%        4
 Petrify                  Tmut/Erth      0%         N/A       100%        4
 Agony                    Necr           0%         N/A       100%        5
 Freezing Cloud           Conj/Ice/Air   0%         6-21      100%        5
 Iskenderun's Battlesphe  Conj           0%         2d6       100%        5
 Metabolic Englaciation   Hex/Ice        0%         N/A       100%        5
 Silence                  Hex/Air        0%         N/A       100%        5
 Death Channel            Necr           0%         N/A       100%        6
 Simulacrum               Ice/Necr       0%         N/A       100%        6
 Summon Cactus Giant      Summ           0%         N/A       100%        6
 Orb of Destruction       Conj           0%         9d5       100%        7
 Ozocubu's Refrigeration  Ice            0%         4d7       100%        7
 Spellforged Servitor     Conj/Summ      0%         N/A       100%        7
 Polar Vortex             Ice            0%         N/A       100%        9


Dungeon Overview and Level Annotations

Branches:
Dungeon (14/15)            Temple (1/1) D:4            Lair (5/5) D:11
 Shoals (0/4) Lair:2       Spider (4/4) Lair:2        Slime (0/5) Lair:5
    Orc (2/2) D:9             Elf (2/3) Orc:2        Vaults (0/5) D:14
  Sewer (visited)          Bailey (visited)           IceCv (visited)
Volcano (visited)         Gauntlet (visited)

Altars:
Ashenzari
Cheibriados
Dithmenos
Fedhas
Gozag
Hepliaklqana
Kikubaaqudgha
Makhleb
Nemelex Xobeh
Okawaru
Qazlal
Ru
Sif Muna
Trog
Uskayaw
Vehumet
Wu Jian
Xom
Yredelemnul

Shops:
D:2 :   D:14 *   Orc:2 *:[(*   Elf:2 (

Annotations:
D:4 3 runed translucent doors, L4yla's ghost, amateur DECj
D:5 1 runed translucent door, bmb222's ghost, weakling DsDe
D:9 Joseph
Lair:1 exclusion: oklob plant
Lair:2 1 runed translucent door, Luteabua's ghost, journeyman FeSh
Lair:5 1 runed translucent door, Lobster4's ghost, journeyman SpWr
Spider:3 3 runed translucent doors, Baxzics's ghost, adept DECj; Rubb's ghost, adept SpEE; Ruxiki's ghost, adept VSBr; Wagacrug's ghost, adept DrIE


Innate Abilities, Weirdness & Mutations

You have a pair of large horns on your head.
You are completely covered in icy blue scales. (AC +4, rC+)
A meltable icy envelope protects you from harm. (AC +0)
You are partially covered in sharp spines.
A meltable shield of frost defends you. (SH +0)


Message History

* * * LOW HITPOINT WARNING * * *
The +2 lajatang of freezing freezes you.
* * * LOW HITPOINT WARNING * * *
You can now merge with and destroy a victim.
You hit the +2 lajatang of freezing.
The +2 lajatang of freezing is almost destroyed.
The +2 lajatang of freezing barely misses you.
You slash the +2 lajatang of freezing!
The +2 lajatang of freezing falls from the air.
Your extra speed is starting to run out.
You barely miss the deep elf pyromancer.
Your headbutt misses the deep elf pyromancer.
The deep elf pyromancer is moderately wounded.
You slash the deep elf pyromancer! You burn the deep elf pyromancer.
You headbutt the deep elf pyromancer!
The deep elf pyromancer is severely wounded.
You block the deep elf pyromancer's attack.
You slice the deep elf pyromancer!! You burn the deep elf pyromancer!
You kill the deep elf pyromancer!
A deep elf zephyrmancer comes into view.
It is wielding a +0 rapier.
The deep elf zephyrmancer shouts!
The deep elf zephyrmancer points at you and mumbles some strange words.
The bolt of lightning hits you!!!
* * * LOW HITPOINT WARNING * * *
Items here: ))) [[ ††.
You feel much better.
You feel yourself slow down.
A deep elf knight comes into view. It is wielding a +0 scimitar.
Items here: ))) [[ ††.
You slash the deep elf zephyrmancer! You burn the deep elf zephyrmancer.
The deep elf zephyrmancer is heavily wounded.
The deep elf zephyrmancer is struck by your spines.
The deep elf zephyrmancer hits you but does no damage.
The deep elf knight mumbles some strange words.
The deep elf knight seems to speed up.
You hit the deep elf zephyrmancer. You burn the deep elf zephyrmancer.
The deep elf zephyrmancer is heavily wounded.
The deep elf zephyrmancer casts a spell at you.
The bolt of lightning hits you!!!
You die...

## ### #### #### ##.#
##.####..####...##
.##...##...##....##.....##....
.............................
..e..........................
.......#)....e@).............
......###.)...#.............#
....e# ##).)###...........
...... ##..)## ####)''''###
.......#....## ##...#.#...##
........e.)).###.....#.....##
.........)....#....).)......#
...........##.....).......#
#.........###....)).......#


You could see a deep elf knight (fast) and a deep elf zephyrmancer.

Vanquished Creatures
  Mara (Spider:4)
  Arachne (Spider:4)
  Zenata (Elf:2)
  Asterion (Elf:2)
  A deep elf blademaster (Elf:2)
  Rupert (Lair:5)
  Kirke (Spider:4)
  A deep elf sorcerer (Elf:2)
  3 emperor scorpions
  4 ghost moths
  A reaper (IceCv)
  An orc warlord (Orc:2)
  5 broodmothers
  Nessos (D:13)
  A dire elephant (Lair:5)
  A deep elf annihilator (Elf:1)
  5 spark wasps
  Azrael (D:13)
  A minotaur (Gauntlet)
  An ettin (Orc:2)
  8 entropy weavers
  An entropy weaver (shapeshifter) (Elf:1)
  2 catoblepae (Lair:5)
  A jorogumo (Spider:2)
  An anaconda (Lair:5)
  4 hydras
  2 centaur warriors
  15 boulder beetles
  2 ghost crabs (Lair:4)
  5 radroaches
  3 two-headed ogres
  9 death yaks
  11 dancing weapons
  A hell hog (Lair:5)
  4 orc high priests (Orc:2)
  16 demonic crawlers
  12 deep elf knights
  A shadow wraith (D:14)
  5 fire crabs (Lair:4)
  2 sun moths
  4 pharaoh ants
  Amaemon (D:9)
  5 deep elf archers
  8 orb spiders
  5 orc knights (Orc:2)
  A lindwurm (Lair:5)
  10 steelbarb worms
  24 deep elf zephyrmancers
  Pikel (D:8)
  24 deep elf pyromancers
  25 wolf spiders
  2 oklob plants
  4 ugly things (D:14)
  Maurice (D:7)
  An orc sorcerer (Orc:2)
  4 cyclopes
  4 moths of wrath
  5 manticores
  13 elephants
  A kobold blastminer (Orc:2)
  3 ice statues
  An apocalypse crab (Lair:4)
  9 black mambas
  An orange demon (D:9)
  2 gargoyles
  13 torpor snails
  2 unseen horrors (D:13)
  18 cane toads
  Maggie (D:6)
  Jeremiah (D:7)
  11 rime drakes
  8 komodo dragons
  2 efreet (Volcano)
  Psyche (D:8)
  6 ice devils
  An anaconda simulacrum (IceCv)
  12 trolls
  6 meliai
  15 polar bears
  A raiju (Lair:5)
  23 tarantellas
  13 blink frogs
  A glass eye (shapeshifter) (Elf:2)
  20 slime creatures
  9 dream sheep (Lair:5)
  20 jumping spiders
  A shadow (D:13)
  A wraith (D:13)
  An air elemental (Elf:2)
  A water elemental (Elf:1)
  12 culicivoras
  A vampire (D:12)
  A yak (shapeshifter) (Elf:2)
  51 yaks
  A dire elephant simulacrum (IceCv)
  4 hogs (Spider:4)
  7 wyverns
  4 basilisks
  24 redbacks
  7 wargs
  A steam dragon (D:8)
  2 death yak simulacra (IceCv)
  7 fire elementals
  13 vampire mosquitoes
  2 hydra simulacra (IceCv)
  13 water moccasins
  2 acid dragons
  19 orc warriors
  16 hell hounds
  A swamp drake (Orc:1)
  8 ice beasts
  11 black bears (Lair:5)
  An ice beast (shapeshifter) (Elf:2)
  3 ogres
  35 wolves
  16 centaurs
  A wolf (shapeshifter) (D:14)
  4 lemures (D:8)
  A kobold brigand (D:9)
  12 bullfrogs
  An earth elemental (Elf:1)
  2 two-headed ogre simulacra (IceCv)
  8 gnoll sergeants (Bailey)
  A scorpion (D:6)
  9 wights
  13 killer bees
  An elephant simulacrum (IceCv)
  7 electric eels
  6 howler monkeys
  A crimson imp (Orc:1)
  6 hounds
  9 jellies
  10 orc priests
  11 gnoll boudas
  An iron imp (Orc:1)
  Crazy Yiuf (D:2)
  A sleepcap (D:7)
  Natasha (thrice) (D:4)
  7 iguanas
  16 orc wizards
  6 hell rats (Lair:3)
  2 spriggan simulacra (IceCv)
  3 troll simulacra (IceCv)
  A polar bear simulacrum (IceCv)
  A wolf simulacrum (IceCv)
  Robin (D:4)
  12 adders
  32 gnolls
  2 river rats (D:4)
  2 naga simulacra (IceCv)
  3 shadow imps
  17 white imps
  2 ufetubi (IceCv)
  5 worms (D:4)
  48 orcs
  2 bats
  17 endoplasms
  5 giant cockroaches
  15 goblins
  11 hobgoblins
  6 jackals (D:3)
  14 kobolds
  2 quokkas
  12 ball pythons
  9 frilled lizards
  11 rats
1120 creatures vanquished.

Vanquished Creatures (others)
  An orc wizard (D:5)
  A gnoll (D:8)
  A shadow imp (Orc:1)
3 creatures vanquished.

Grand Total: 1123 creatures vanquished

Notes
Turn   | Place    | Note
-------+----------+-------------------------------------------
     0 | D:1      | grandjackal the Demonspawn Gladiator began the quest for
                  | the Orb.
     0 | D:1      | Reached XP level 1. HP: 16/16 MP: 1/1
   230 | D:1      | Gained mutation: A meltable shield of frost defends you.
                  | (SH +0) [demonic ancestry]
   230 | D:1      | Reached XP level 2. HP: 17/22 MP: 2/2
   393 | D:1      | Found a faded altar of an unknown god.
  1068 | D:2      | Found a runed translucent door.
  1069 | D:2      | Noticed Crazy Yiuf
  1131 | D:2      | Found Keshuep's Book Shop.
  1322 | D:2      | Gained mutation: You are partially covered in sharp spines.
                  | [demonic ancestry]
  1322 | D:2      | Reached XP level 3. HP: 25/28 MP: 3/3
  1857 | D:2      | Killed Crazy Yiuf
  1858 | D:2      | Gained mutation: You are partially covered in icy blue
                  | scales. (AC +2) [demonic ancestry]
  1858 | D:2      | Reached XP level 4. HP: 18/35 MP: 4/4
  2223 | D:4      | Found a staircase to the Ecumenical Temple.
  2225 | D:4      | Noticed Natasha
  2231 | D:4      | Killed Natasha
  2254 | D:4      | Gained mutation: A meltable icy envelope protects you from
                  | harm. (AC +0) [demonic ancestry]
  2254 | D:4      | Reached XP level 5. HP: 42/42 MP: 5/5
  2306 | D:4      | Found a glowing drain.
  2313 | Sewer    | Entered a sewer
  2472 | Sewer    | Reached XP level 6. HP: 48/49 MP: 6/6
  2495 | Sewer    | Found a shimmering altar of Xom.
  2551 | D:4      | Found an opulent altar of Gozag.
  2557 | D:4      | Found an opulent altar of Gozag.
  2557 | D:4      | Found an opulent altar of Gozag.
  2574 | D:4      | Found an opulent altar of Gozag.
  2668 | Temple   | Entered the Ecumenical Temple
  2762 | D:4      | Reached skill level 5 in Fighting
  2762 | D:4      | Reached skill level 5 in Axes
  2776 | D:4      | Noticed Natasha
  2781 | D:4      | Killed Natasha
  2817 | D:4      | Noticed Natasha
  2821 | D:4      | Killed Natasha
  2822 | D:4      | Found a runed translucent gate.
  2826 | D:4      | Found a runed translucent gate.
  2828 | D:4      | Found a runed translucent gate.
  2952 | D:3      | Found a large runed translucent door.
  2953 | D:3      | Found a large runed translucent door.
  2969 | D:3      | Gained mutation: You have a pair of small horns on your
                  | head. [demonic ancestry]
  2969 | D:3      | Reached XP level 7. HP: 42/56 MP: 7/7
  2998 | D:3      | Found a sparkling altar of Nemelex Xobeh.
  3004 | D:3      | Found a basalt altar of Yredelemnul.
  3111 | D:4      | Noticed Robin
  3129 | D:4      | Killed Robin
  3475 | D:4      | Noticed L4yla's ghost (amateur DECj)
  3496 | D:5      | Entered Level 5 of the Dungeon
  3746 | D:5      | Found an ancient bone altar of Kikubaaqudgha.
  3832 | D:5      | Found a runed translucent door.
  3832 | D:5      | Noticed bmb222's ghost (weakling DsDe)
  3859 | D:5      | Found an iron altar of Okawaru.
  3925 | D:5      | Found a bloodstained altar of Trog.
  4156 | D:6      | Gained mutation: You have a pair of horns on your head.
                  | [demonic ancestry]
  4156 | D:6      | Reached XP level 8. HP: 65/65 MP: 8/8
  4196 | D:6      | Identified the +0 dagger "Fish" {freeze, Fly rF- Will+
                  | Int+3}
  4209 | D:6      | Found a burning altar of Makhleb.
  4253 | D:6      | Noticed Maggie
  4267 | D:6      | Killed Maggie
  4593 | D:6      | Found a radiant altar of Vehumet.
  5346 | D:7      | Noticed Jeremiah
  5379 | D:7      | Noticed Maurice
  5564 | D:7      | Killed Jeremiah
  5565 | D:7      | Gained mutation: You are mostly covered in icy blue scales.
                  | (AC +3) [demonic ancestry]
  5565 | D:7      | Reached XP level 9. HP: 47/71 MP: 9/9
  5641 | D:7      | Found a hazy altar of Hepliaklqana.
  5683 | D:7      | Maurice stole 4 throwing nets
  5683 | D:7      | Maurice stole a +0 war axe
  5695 | D:7      | Killed Maurice
  6173 | D:8      | Reached skill level 10 in Fighting
  6287 | D:8      | Found a flagged portal.
  6315 | Bailey   | Entered a bailey
  6396 | Bailey   | Gained mutation: You have a pair of large horns on your
                  | head. [demonic ancestry]
  6396 | Bailey   | Reached XP level 10. HP: 86/86 MP: 10/10
  6482 | Bailey   | Reached skill level 10 in Axes
  7039 | D:8      | Noticed Psyche
  7141 | D:8      | Killed Psyche
  7216 | D:8      | Noticed Pikel
  7226 | D:8      | Killed Pikel
  7681 | D:9      | Noticed Joseph
  8026 | D:9      | Reached XP level 11. HP: 82/95 MP: 11/11
  8039 | D:9      | Found a stormy altar of Qazlal.
  8039 | D:9      | Found a shimmering altar of Xom.
  8039 | D:9      | Found a hide-covered altar of Uskayaw.
  8047 | D:9      | Became a worshipper of Uskayaw the Reveller
  8084 | D:9      | Noticed Amaemon
  8084 | D:9      | Noticed a two-headed ogre
  8088 | D:9      | Reached * piety under Uskayaw
  8090 | D:9      | Reached ** piety under Uskayaw
  8091 | D:9      | Reached *** piety under Uskayaw
  8092 | D:9      | Killed a two-headed ogre
  8093 | D:9      | Reached skill level 1 in Invocations
  8096 | D:9      | Reached **** piety under Uskayaw
  8099 | D:9      | Killed Amaemon
  8100 | D:9      | Reached skill level 2 in Invocations
  8107 | D:9      | Reached ***** piety under Uskayaw
  8111 | D:9      | Reached skill level 3 in Invocations
  8112 | D:9      | Found a staircase to the Orcish Mines.
  8669 | D:10     | Entered Level 10 of the Dungeon
  8704 | D:10     | Found a sacrificial altar of Ru.
  8718 | D:10     | Reached skill level 4 in Invocations
  9107 | D:10     | Reached skill level 5 in Invocations
  9595 | D:11     | Noticed a two-headed ogre
  9605 | D:11     | Killed a two-headed ogre
  9816 | D:11     | Identified the +5 chain mail of Integrity {rC- Int+5 SInv}
  9941 | D:11     | Noticed a deep elf pyromancer
  9949 | D:11     | Killed a deep elf pyromancer
  9950 | D:11     | Reached skill level 6 in Invocations
 10024 | D:11     | Found a staircase to the Lair.
 10488 | D:12     | Reached skill level 7 in Invocations
 10642 | D:12     | Reached skill level 1 in Shields
 10737 | D:12     | Reached XP level 12. HP: 96/105 MP: 17/17
 10750 | D:12     | Noticed a boulder beetle
 10786 | D:12     | Killed a boulder beetle
 11104 | Lair:1   | Entered Level 1 of the Lair of Beasts
 11211 | Lair:1   | Reached skill level 8 in Invocations
 11221 | Lair:1   | Reached ****** piety under Uskayaw
 11410 | Lair:1   | Identified the +1 leather armour "Ziackorgh" {rPois rN+
                  | Dex+5}
 12117 | Lair:2   | Reached skill level 9 in Invocations
 12198 | Lair:2   | Found a runed translucent door.
 12199 | Lair:2   | Identified the +9 trident of Meff {flame, Str+7 Dex-4}
 12199 | Lair:2   | Noticed Luteabua's ghost (journeyman FeSh)
 12278 | Lair:2   | Found a staircase to the Shoals.
 12305 | Lair:2   | Noticed a five-headed hydra
 12316 | Lair:2   | Killed a one-headed hydra
 12365 | Lair:2   | Found the +4 skin of Zhor {*Englaciate rC+++ SInv}
 12423 | Lair:2   | Noticed a boulder beetle
 12486 | Lair:2   | Reached skill level 10 in Invocations
 12524 | Lair:2   | Gained mutation: A meltable icy envelope protects you from
                  | harm. (AC +0) [demonic ancestry]
 12524 | Lair:2   | Reached XP level 13. HP: 110/113 MP: 20/20
 12552 | Lair:2   | Found a hole to the Spider Nest.
 13393 | Lair:3   | Reached skill level 11 in Invocations
 13552 | Lair:3   | Found a dark tunnel.
 13561 | Volcano  | Entered a volcano
 14302 | Lair:4   | Found a gate leading to a gauntlet.
 14331 | Gauntlet | Entered a Gauntlet
 14331 | Gauntlet | Found a transporter.
 14338 | Gauntlet | Found a transporter.
 14340 | Gauntlet | Found a transporter.
 14356 | Gauntlet | Found a transporter.
 14358 | Gauntlet | Found a transporter.
 14367 | Gauntlet | Found a transporter.
 14383 | Gauntlet | Found a transporter.
 14393 | Gauntlet | Found a transporter.
 14403 | Gauntlet | Found a transporter.
 14417 | Gauntlet | Found a transporter.
 14427 | Gauntlet | Found a runed translucent gate.
 14428 | Gauntlet | Found a transporter.
 14428 | Gauntlet | Found a runed translucent gate.
 14428 | Gauntlet | Found a transporter.
 14429 | Gauntlet | Found a runed translucent gate.
 14524 | Gauntlet | Found a transporter.
 14545 | Gauntlet | Reached skill level 15 in Fighting
 14615 | Gauntlet | Reached skill level 12 in Invocations
 14618 | Gauntlet | Identified the +3 rapier of Vomm {spect, rF+ rCorr Str+3}
 14619 | Gauntlet | Identified the ring "Resetauch" {rPois rN+ Str+6}
 14655 | Gauntlet | Identified the +1 broad axe "Fuulyvo" {venom, *Noise rF++
                  | rC+ SInv}
 14655 | Gauntlet | Noticed a minotaur
 14677 | Gauntlet | Killed a minotaur
 14762 | Lair:4   | Got Sif Muna's Anthology of Harmful Incineration
 14782 | Lair:4   | Found a runed translucent door.
 15087 | Lair:4   | Reached XP level 14. HP: 121/123 MP: 23/23
 15117 | Lair:4   | Reached skill level 13 in Invocations
 15583 | Lair:4   | Found a burning altar of Makhleb.
 15901 | Lair:5   | Entered Level 5 of the Lair of Beasts
 15936 | Lair:5   | Found a runed translucent door.
 15937 | Lair:5   | Noticed Lobster4's ghost (journeyman SpWr)
 15975 | Lair:5   | Reached skill level 14 in Invocations
 15977 | Lair:5   | Noticed Rupert
 15989 | Lair:5   | Killed Rupert
 15991 | Lair:5   | Found a frozen archway.
 15994 | Lair:5   | Reached skill level 15 in Axes
 16143 | IceCv    | Entered an ice cave
 16290 | IceCv    | Noticed a reaper
 16309 | IceCv    | Killed a reaper
 16698 | Lair:5   | Found the macabre finger necklace {Finger+ rN+}
 16788 | Lair:5   | Found a staircase to the Slime Pits.
 16797 | Lair:5   | Identified the +4 ring mail of Too Many Cooks {rF++ MP+9}
 16898 | Lair:5   | Reached skill level 15 in Invocations
 17153 | Lair:5   | Gained mutation: You are completely covered in icy blue
                  | scales. (AC +4, rC+) [demonic ancestry]
 17153 | Lair:5   | Reached XP level 15. HP: 61/132 MP: 19/26
 17640 | Lair:5   | Reached skill level 16 in Invocations
 17695 | Lair:5   | Identified the +3 chain mail of the Poles {rF+ SInv Stlth-}
 18120 | Orc:1    | Entered Level 1 of the Orcish Mines
 18563 | Orc:1    | Identified the +0 robe of Hospitality {Dex+2}
 18631 | Orc:2    | Entered Level 2 of the Orcish Mines
 18631 | Orc:2    | Found Judut's Book Emporium.
 18631 | Orc:2    | Found a staircase to the Elven Halls.
 18840 | Orc:2    | Found Luluparph's General Store.
 18890 | Orc:2    | Bought a scroll of identify for 28 gold pieces
 18926 | Orc:2    | Found Xicvoix's Antique Armour Shop.
 19028 | Orc:2    | Found Jiudu's Antique Weapon Shoppe.
 19051 | Orc:2    | Found Esyemmeu's General Store.
 19059 | Orc:2    | Bought a potion of haste for 130 gold pieces
 19059 | Orc:2    | Bought 2 potions of curing for 78 gold pieces
 19066 | Orc:2    | Bought the +1 cloak of the Lost Path {Will+ rCorr Str+4
                  | Stlth+} for 505 gold pieces
 19515 | D:13     | Noticed Nessos
 19532 | D:13     | Killed Nessos
 19656 | D:13     | Reached skill level 1 in Armour
 19664 | D:13     | Reached skill level 17 in Invocations
 19817 | D:13     | Noticed Azrael
 19832 | D:13     | Killed Azrael
 20263 | D:14     | Reached XP level 16. HP: 143/143 MP: 28/28
 20292 | D:14     | Found Xushapro's CLEARANCE SALE!.
 20314 | D:14     | Bought a scroll of identify for 8 gold pieces
 20314 | D:14     | Bought a scroll of identify for 8 gold pieces
 20785 | D:14     | Found a gate to the Vaults.
 21150 | Spider:1 | Entered Level 1 of the Spider Nest
 21239 | Spider:1 | Reached XP level 17. HP: 149/149 MP: 29/29
 21420 | Spider:1 | Reached skill level 18 in Invocations
 21752 | Spider:1 | Identified the +10 morningstar "Bofeo" {freeze, rC+ Str+4
                  | Int+3}
 22327 | Spider:2 | You fall into a shaft and drop 1 floor!
 22940 | Spider:3 | Found a runed translucent gate.
 22940 | Spider:3 | Found a runed translucent gate.
 22940 | Spider:3 | Noticed Baxzics's ghost (adept DECj)
 22941 | Spider:3 | Found a runed translucent gate.
 22941 | Spider:3 | Noticed Rubb's ghost (adept SpEE)
 22941 | Spider:3 | Noticed Ruxiki's ghost (adept VSBr)
 22941 | Spider:3 | Noticed Rubb's ghost (adept SpEE)
 22942 | Spider:3 | Noticed Wagacrug's ghost (adept DrIE)
 23202 | Spider:3 | Reached skill level 19 in Invocations
 24143 | Spider:4 | Entered Level 4 of the Spider Nest
 24143 | Spider:4 | Noticed Kirke
 24152 | Spider:4 | Killed Kirke
 24321 | Spider:4 | Reached XP level 18. HP: 160/160 MP: 31/31
 24877 | Spider:4 | Noticed Mara
 24879 | Spider:4 | Noticed grandjackal's illusion
 24901 | Spider:4 | Killed Mara
 25038 | Spider:4 | Reached skill level 20 in Invocations
 25077 | Spider:4 | Noticed Arachne
 25087 | Spider:4 | Killed Arachne
 25628 | Spider:4 | Got a gossamer rune of Zot
 25942 | Elf:1    | Entered Level 1 of the Elven Halls
 26869 | Elf:1    | Got the Catalogue of Gathered Arcane Weapons
 26945 | Elf:1    | Identified a scroll of acquirement
 26950 | Elf:1    | Acquired the +2 pair of boots of the Equator {Slay+2}
 26993 | Elf:2    | Found Nupsyx's Antique Weapon Shoppe.
 27050 | Elf:2    | Reached skill level 21 in Invocations
 27061 | Elf:2    | HP: 8/162 [deep elf archer/+0 short sword (2)]
 27083 | Elf:2    | HP: 8/162 [deep elf archer/arrow (12)]
 27192 | Elf:2    | Paralysed by an air elemental for 1 turns
 27195 | Elf:2    | Paralysed by an air elemental for 1 turns
 27340 | Elf:2    | Identified the +4 war axe of Indomitability {flame, rC+}
 27349 | Elf:2    | Found a huge runed translucent gate.
 27349 | Elf:2    | Found a huge runed translucent gate.
 27349 | Elf:2    | Found a huge runed translucent gate.
 27349 | Elf:2    | Found a huge runed translucent gate.
 27362 | Elf:2    | Found a huge runed translucent gate.
 27362 | Elf:2    | Identified the +4 bardiche "Kugot" {drain, ^Fragile rF+++
                  | rCorr Stlth+}
 27363 | Elf:2    | Identified the +4 mace of Eklobu {spect, Str+2}
 27509 | Elf:2    | Noticed Zenata
 27510 | Elf:2    | Reached XP level 19. HP: 170/170 MP: 33/33
 27524 | Elf:2    | Killed Zenata
 27879 | Elf:2    | Noticed Asterion
 27884 | Elf:2    | Killed Asterion
 27905 | Elf:2    | HP: 4/170 [deep elf zephyrmancer/bolt of lightning (38)]
 27913 | Elf:2    | Killed from afar by a deep elf zephyrmancer

Illustrated notes

Levels and vault maps discovered:
D:1:      dpeg_arrival_solitude, layout_loops_corners,
          shapermc_ecumenical_altar_gd, minmay_heptomino_l4
D:2:      layout_basic, serial_shops, nicolae_shop_rolling_square,
          uniq_crazy_yiuf_cottage
D:3:      layout_basic, jmf_multi_god_temple2
D:4:      layout_loops_ring, nicolae_gozag_conspicuous_consumption,
          minmay_temple_entry_glass, gammafunk_ghost_necromancy,
          lightli_sewer_entry_pipes, kennysheep_generic_room_16, uniq_natasha,
          uniq_robin
D:5:      lemuel_ice_spiral_2, layout_basic, lemuel_tele_altar, trog_book,
          mainiacjoe_overflow_catwalk, gammafunk_ghost_grave, minivault_26,
          hangedman_decor_peaks_small
D:6:      layout_basic, lemuel_doored_altar, marbit_many_paths,
          minmay_misc_feat_encased, kennysheep_opposing_triangles, uniq_maggie
D:7:      layout_rooms, worldfamousw_hep_ancestral_shrine,
          overflow_temple_1_default, hex_medium, uniq_jeremiah, uniq_maurice
D:8:      layout_basic, enter_bailey_6, chequers_decorated_corner, uniq_pikel,
          uniq_psyche
D:9:      layout_stronghold, gammafunk_temple_overflow_claw, orc_0_dummy,
          serial_bayou_pond_d, lightli_minifort, uniq_joseph, uniq_amaemon
D:10:     layout_loops_ring, nicolae_ru_awakened_eye
D:11:     layout_loops_cross, lair_entry_dummy, kennysheep_boxes
D:12:     layout_irregular_city
D:13:     layout_roguey, uniq_azrael, uniq_nessos
D:14:     layout_basic, david_vaults_4, good_gods_mini_temple,
          nicolae_shop_clearance
Temple:   hellmonk_temple_forest_ring
Lair:1:   layout_regular_city, minmay_lair_oklob_bushes
Lair:2:   layout_small_grid, shoals_dummy_entry, spider_nest_entry_web_field,
          ebering_ghost_funeral_grove, hellmonk_guarded_unrand_zhor
Lair:3:   layout_gridlike, enter_volcano_1, st_stairs_8, lemuel_old_faithful,
          grunt_megastairs_1, lemuel_fruit_fields
Lair:4:   gammafunk_mikee_crab_dinner, layout_regular_city,
          gauntlet_entry_generic, lemuel_centaur_altar, grunt_megastairs_4
Lair:5:   hangedman_lair_caniforms_friends, layout_concentric_octagons,
          hangedman_lair_in_review, nicolae_slime_entry_field_trip,
          ebering_ghost_reflecting_pool, portal_ice_cave_entry_imps,
          minivault_25, ice2_lemuel, uniq_rupert
Spider:1: layout_spider_delve, nicolae_spider_jagged_tunnels
Spider:2: layout_spider_delve
Spider:3: layout_chambers, gammafunk_ghost_cemetery
Spider:4: hellmonk_spider_rune_bug_friends, uniq_kirke, uniq_mara, uniq_arachne
Orc:1:    layout_caves, serial_shops, shop, hangedman_minor_magic
Orc:2:    grunt_orc_gardens, layout_diamond_mine, grunt_orc_garden,
          grunt_orc_garden, grunt_orc_garden, grunt_orc_garden, serial_shops,
          nicolae_shop_stone
Elf:1:    layout_gridlike, minmay_elf_sorcery, grunt_ministairs_9
Elf:2:    elven_hall_of_blades_hangedman_alternative
          [mumra_blade_entry_bloodbath], layout_loops_corners, serial_shops,
          nicolae_shop_gibbet_a_chance, uniq_asterion, uniq_zenata

Skill      XL: |  1  2  3  4  5  6  7  8  9 10 11 12 13 14 15 16 17 18 |
---------------+-------------------------------------------------------+-----
Throwing       | 2 |  2.0
Dodging        | 3 |  3.0
Axes           | 3 4 5 6 8 9 11 12 13 14 15 16 17 | 17.4
Fighting       | 3 4 5 6 8 10 12 13 14 15 16 17 18 19 20 | 20.6
Invocations    | 7 10 12 15 17 19 21 | 21.6
Shields        | 1 4 |  4.8
Armour         | 2 6 9 |  9.6

Action                     |  1- 3 |  4- 6 |  7- 9 | 10-12 | 13-15 | 16-18 | 19-21 || total
---------------------------+-------+-------+-------+-------+-------+-------+-------++-------
  Melee: War axe           |    24 |       |    18 |    31 |   585 |   803 |    67 ||  1528
         Mace              |    62 |   145 |   299 |   167 |    26 |       |       ||   699
         Punch             |       |     4 |     5 |     7 |       |       |       ||    16
         Headbutt          |       |       |    83 |   180 |   341 |   246 |    15 ||   865
         Unarmed           |       |       |       |    21 |       |       |       ||    21
         Hand axe          |       |       |       |   466 |   327 |       |       ||   793
         Broad axe         |       |       |       |       |   230 |       |       ||   230
  Throw: Throwing net      |       |       |       |     2 |     1 |       |       ||     3
 Invoke: Stomp             |       |       |       |     1 |     5 |     1 |       ||     7
         Grand Finale      |       |       |       |       |     3 |       |     1 ||     4
  Evoke: Wand              |       |       |     7 |    19 |     9 |       |       ||    35
         Phantom mirror    |       |       |       |       |     1 |       |       ||     1
         Lightning rod     |       |       |       |       |       |     2 |       ||     2
    Use: Scroll            |       |       |    10 |     7 |     8 |     9 |       ||    34
         Potion            |       |       |     1 |     3 |     5 |     6 |     3 ||    18
   Stab: Invisible         |       |       |       |     8 |       |       |       ||     8
         Paralysed         |       |       |       |    47 |   170 |   156 |    12 ||   385
         Held in net/web   |       |       |       |     1 |     1 |       |       ||     2
         Petrified         |       |       |       |       |     2 |       |       ||     2
         Distracted        |       |       |       |       |     1 |       |       ||     1
         Petrifying        |       |       |       |       |     1 |       |       ||     1
 Armour: Ring mail         |    36 |    78 |   278 |   115 |       |       |       ||   507
         Leather armour    |     1 |       |       |       |       |       |       ||     1
         Plate armour      |       |       |       |   467 |   564 |       |       ||  1031
         Skin              |       |       |       |    15 |       |       |       ||    15
         Crystal plate arm |       |       |       |       |   346 |       |       ||   346
         Chain mail        |       |       |       |       |   180 |   747 |    39 ||   966
  Dodge: Dodged            |    63 |    83 |   213 |   240 |   218 |   214 |    10 ||  1041
  Block: Other             |     8 |    28 |    71 |    85 |       |       |       ||   192
         Buckler           |       |       |       |    62 |   438 |   345 |    13 ||   858

Table legend: (Time is in decaauts)
 A = Elapsed time spent in this place.
 B = Non-inter-level travel time spent in this place.
 C = Inter-level travel time spent in this place.
 D = Time resting spent in this place.
 E = Time spent auto-exploring this place.
 F = Levels seen in this place.
 G = Mean time per level.
                   A        B        C        D        E       F      G
               +--------+--------+--------+--------+--------+-----+--------+
         Total |  27484 |  25893 |   1591 |   2525 |  16036 |  33 |  832.8 |
       Dungeon |  12212 |  11190 |   1022 |    658 |   8141 |  14 |  872.3 |
        Temple |     32 |     16 |     16 |      0 |      0 |   1 |   32.0 |
          Lair |   5537 |   5281 |    256 |    447 |   3015 |   5 | 1107.4 |
   Spider Nest |   4513 |   4331 |    182 |    560 |   2879 |   4 | 1128.2 |
  Orcish Mines |   1337 |   1256 |     81 |    194 |    707 |   2 |  668.5 |
   Elven Halls |   1812 |   1781 |     31 |    222 |   1115 |   2 |  906.0 |
         Sewer |    242 |    242 |      0 |      0 |     15 |   1 |  242.0 |
        Bailey |    642 |    642 |      0 |     80 |    156 |   1 |  642.0 |
      Ice Cave |    504 |    504 |      0 |    184 |      7 |   1 |  504.0 |
       Volcano |    302 |    302 |      0 |    178 |      0 |   1 |  302.0 |
      Gauntlet |    347 |    347 |      0 |      2 |      0 |   1 |  347.0 |
               +--------+--------+--------+--------+--------+-----+--------+

Top non-repeatable levels by time:
Spider:4: 1551 daAuts
Spider:3: 1473 daAuts
     D:6: 1405 daAuts
  Lair:4: 1353 daAuts
  Lair:5: 1322 daAuts
  Lair:2: 1102 daAuts
   Elf:1: 1040 daAuts
     D:1: 1026 daAuts
     D:9: 954 daAuts
     D:2: 949 daAuts
  Lair:1: 946 daAuts
    D:12: 934 daAuts
    D:11: 903 daAuts
     D:8: 894 daAuts
     D:4: 894 daAuts
